 Dungeon Sprint DCSS version 0.21-a0-338-g36cf2fc (webtiles) character file.

5728 Kidiri the Fighter (level 10, -16/101 HPs)
             Began as a Minotaur Fighter on Oct 3, 2017.
             Was a High Priest of Okawaru.
             Demolished by an iron troll (33 damage)
             ... in the Dungeon (Sprint VII: "The Pits").
             The game lasted 00:08:34 (2037 turns).

Kidiri the Fighter (Minotaur Fighter)               Turns: 2037, Time: 00:08:34

Health: -16/101    AC: 22    Str: 23    XL:     10   Next: 48%
Magic:  6/11       EV: 15    Int:  5    God:    Okawaru [*****.]
Gold:   0          SH: 14    Dex: 16    Spells: 9/9 levels left

rFire    . . .     SeeInvis .   a - +2 long sword (flame)
rCold    . . .     Gourm    .   c - +0 shield
rNeg     . . .     Faith    .   b - +3 plate armour
rPois    .         Spirit   .   (helmet restricted)
rElec    .         Reflect  .   (no cloak)
rCorr    .         Harm     .   x - +0 pair of gloves
MR       .....     NoTele   +   y - +0 pair of boots
Stlth    ..........             (no amulet)
HPRegen  0.00/turn              s - +3 ring of dexterity
MPRegen  0.12/turn              t - +3 ring of evasion

@: berserk cooldown, very slightly contaminated, slowed, invisible, very slow
A: retaliatory headbutt, claws 1, horns 2, agile 1, blurry vision 1, sense
surroundings 1, inhibited regeneration
a: Heroism, Finesse, Renounce Religion


You were in the Dungeon.
You worshipped Okawaru.
Okawaru was extremely pleased with you.
You were full.

You visited 1 branch

Inventory:

Hand Weapons
 a - a +2 long sword of flaming (weapon)
Missiles
 r - 4 poisoned tomahawks (quivered)
 z - 5 poisoned javelins
Armour
 b - a +3 plate armour (worn)
 c - a +0 shield (worn)
 x - a +0 pair of gloves (worn)
 y - a +0 pair of boots (worn)
Jewellery
 s - a +3 ring of dexterity (left hand)
 t - a +3 ring of evasion (right hand)
Scrolls
 k - a scroll of blinking
 m - 3 scrolls of remove curse
 n - 5 scrolls of amnesia
 o - a scroll of summoning
Potions
 d - a potion of might
 e - 6 potions of curing
 g - 3 potions of heal wounds
 h - 2 potions of haste
 i - 4 potions of magic
 j - 4 potions of berserk rage
 l - a potion of invisibility
 u - 2 potions of brilliance
 w - a potion of resistance
Comestibles
 f - 8 bread rations
 p - 29 fruits
 q - 7 meat rations
 v - a chunk of flesh


   Skills:
 * Level 13.5 Fighting
 * Level 13.3 Long Blades
 + Level 8.0 Throwing
 * Level 13.5 Armour
 + Level 8.7 Dodging
 * Level 13.5 Shields
 + Level 2.8 Invocations


You had 9 spell levels left.
You didn't know any spells.

Dungeon Overview and Level Annotations

Branches:
Dungeon (1/1)

Altars:
Ashenzari
Cheibriados
Dithmenos
Elyvilon
Fedhas
Gozag
Hepliaklqana
Kikubaaqudgha
Makhleb
Nemelex Xobeh
Okawaru
Qazlal
Ru
Sif Muna
Trog
Uskayaw
Vehumet
Wu Jian
Xom
Yredelemnul
Zin
The Shining One
Beogh
Jiyva
Lugonu


Innate Abilities, Weirdness & Mutations

You reflexively headbutt those who attack you in melee.
You have a pair of horns on your head.
You have sharp fingernails.
You are agile. (Dex +2)
Scrolls take you a little longer to read.
You passively map a small area around you.
You do not regenerate when monsters are visible.


Message History

The deep troll shaman calls upon its god to speed up the iron troll.
The iron troll seems to speed up.
The orc sorcerer casts a spell.
Unknown command.
You fade into invisibility!
The sun demon disappears in a puff of smoke!
You block the iron troll's attack. The iron troll claws you.
* * * LOW HITPOINT WARNING * * *
The iron troll claws you but does no damage.
You are very lightly contaminated with residual magic.
Unknown command.
You hit the iron troll but do no damage.
You headbutt the iron troll.
The iron troll is heavily wounded.
You block the deep troll shaman's attack.
The deep troll shaman claws you!
* * * LOW HITPOINT WARNING * * *
The deep troll shaman barely misses you.
The iron troll bites you!!
You die...

'###### * * * *
'############ *###### *
.....+..+...###,, .....*
.....+..+.....## ,....* *
....##..##...))##,...#* *
..###....###....#,...# ,
, , .##........###.###..#
, +#...#..#...#....#o4#,
, ()..........+...@TTT+,
, ,
+#...#..#...#...T#T.#,
รท##........###)###..#
..###....###.)..#,...#,,,
, ....##..##.....## ...#
* .....+..'.....## ....
##...+..'...###, ,.....
############ * ###### *


You could see 3 iron trolls, a deep troll, an orange demon, a deep troll shaman
and an orc sorcerer.

Vanquished Creatures
  An eidolon (D)
  2 shadow wraiths (D)
  A phantasmal warrior (D)
  A spiny frog (D)
  A freezing wraith (D)
  2 hellwings (D)
  A polar bear (D)
  A hippogriff (D)
  A snapping turtle (D)
  A flying skull (D)
  A spriggan (D)
  A ynoxinul (D)
  A water elemental (D)
  A steam dragon (D)
  A porcupine (D)
  A swamp drake (D)
  2 water moccasins (D)
  An ice beast (D)
  A phantom (D)
  A wolf (D)
  A centaur (D)
  A big kobold (D)
  2 scorpions (D)
  A small abomination (D)
  4 wights (D)
  A jelly (D)
  An orc wizard (D)
  3 gnolls (D)
  3 adders (D)
  3 oozes (D)
  3 orcs (D)
  A bat (D)
  A goblin (D)
  A hobgoblin (D)
  A kobold (D)
  2 quokka skeletons (D)
  A quokka zombie (D)
  A rat (D)
54 creatures vanquished.

Notes
Turn   | Place    | Note
-------+----------+-------------------------------------------
     0 | D        | Kidiri the Minotaur Fighter began the quest for the Orb.
     0 | D        | Reached XP level 1. HP: 19/19 MP: 0/0
    23 | D        | Found a bloodstained altar of Trog.
    23 | D        | Found a deep blue altar of Sif Muna.
    23 | D        | Found a viscous altar of Jiyva.
    23 | D        | Found a hazy altar of Hepliaklqana.
    23 | D        | Found an opulent altar of Gozag.
    24 | D        | Found a glowing golden altar of the Shining One.
    24 | D        | Found a glowing silver altar of Zin.
    24 | D        | Found a basalt altar of Yredelemnul.
    24 | D        | Found a shimmering altar of Xom.
    24 | D        | Found an ornate altar of the Wu Jian Council.
    24 | D        | Found a sacrificial altar of Ru.
    24 | D        | Found a stormy altar of Qazlal.
    24 | D        | Found an iron altar of Okawaru.
    24 | D        | Found a sparkling altar of Nemelex Xobeh.
    24 | D        | Found a burning altar of Makhleb.
    24 | D        | Found a blossoming altar of Fedhas.
    24 | D        | Found a white marble altar of Elyvilon.
    24 | D        | Found a shadowy altar of Dithmenos.
    24 | D        | Found a snail-covered altar of Cheibriados.
    27 | D        | Found a corrupted altar of Lugonu.
    27 | D        | Found a radiant altar of Vehumet.
    27 | D        | Found a roughly hewn altar of Beogh.
    28 | D        | Found an ancient bone altar of Kikubaaqudgha.
    28 | D        | Found a hide-covered altar of Uskayaw.
    28 | D        | Found a shattered altar of Ashenzari.
    32 | D        | Became a worshipper of Warmaster Okawaru
    86 | D        | Reached skill level 1 in Throwing
    86 | D        | Reached skill level 1 in Dodging
    86 | D        | Reached XP level 2. HP: 27/27 MP: 1/1
   118 | D        | Reached XP level 3. HP: 35/35 MP: 2/2
   120 | D        | Noticed a scorpion
   123 | D        | Killed a scorpion
   123 | D        | Reached * piety under Okawaru
   123 | D        | Reached skill level 5 in Fighting
   123 | D        | Reached skill level 5 in Long Blades
   123 | D        | Reached skill level 5 in Armour
   123 | D        | Reached skill level 5 in Shields
   123 | D        | Reached XP level 4. HP: 38/44 MP: 3/3
   230 | D        | Noticed a wolf
   231 | D        | Noticed a porcupine
   252 | D        | Killed a wolf
   252 | D        | Reached XP level 5. HP: 34/51 MP: 4/4
   260 | D        | Killed a porcupine
   260 | D        | Reached XP level 6. HP: 29/61 MP: 2/5
   483 | D        | Noticed a water moccasin
   492 | D        | Killed a water moccasin
   544 | D        | Killed a shadow wraith
   544 | D        | Reached ** piety under Okawaru
   544 | D        | Reached skill level 10 in Fighting
   544 | D        | Reached skill level 5 in Throwing
   544 | D        | Reached skill level 10 in Armour
   544 | D        | Reached skill level 5 in Dodging
   544 | D        | Reached skill level 10 in Shields
   544 | D        | Reached XP level 7. HP: 27/72 MP: 3/6
   544 | D        | Reached XP level 8. HP: 29/79 MP: 3/7
   753 | D        | Noticed a flying skull
   760 | D        | Killed a flying skull
   760 | D        | Reached skill level 10 in Long Blades
   769 | D        | Reached *** piety under Okawaru
   825 | D        | Killed a shadow wraith
   825 | D        | Reached **** piety under Okawaru
   893 | D        | Gained mutation: You do not regenerate when monsters are visible. [potion of mutation]
   893 | D        | Gained mutation: Your mind is acute. (Int +2) [potion of mutation]
   893 | D        | Gained mutation: Your flesh is heat resistant. (rF+) [potion of mutation]
   893 | D        | Gained mutation: You have sharp fingernails. [potion of mutation]
   894 | D        | Lost mutation: Your mind is acute. (Int +2) [potion of mutation]
   894 | D        | Lost mutation: Your flesh is heat resistant. (rF+) [potion of mutation]
   894 | D        | Gained mutation: You are agile. (Dex +2) [potion of mutation]
   894 | D        | Gained mutation: Scrolls take you a little longer to read. [potion of mutation]
   894 | D        | Gained mutation: You passively map a small area around you. [potion of mutation]
  1188 | D        | Reached XP level 9. HP: 89/89 MP: 5/8
  1219 | D        | Noticed a freezing wraith
  1233 | D        | Killed a freezing wraith
  1443 | D        | Noticed a polar bear
  1444 | D        | Noticed a phantasmal warrior
  1453 | D        | Killed a polar bear
  1474 | D        | Killed a phantasmal warrior
  1474 | D        | Received a gift from Okawaru
  1659 | D        | Noticed a spiny frog
  1666 | D        | Killed a spiny frog
  1666 | D        | Received a gift from Okawaru
  1671 | D        | Reached ***** piety under Okawaru
  1836 | D        | Reached XP level 10. HP: 94/100 MP: 7/9
  1867 | D        | Reached skill level 1 in Invocations
  1998 | D        | Noticed an orc sorcerer
  1998 | D        | Noticed an eidolon
  1998 | D        | Noticed a deep troll shaman
  1998 | D        | Noticed an iron troll
  1998 | D        | Noticed an iron troll
  1998 | D        | Noticed a deep troll
  1998 | D        | Noticed an iron troll
  2004 | D        | Noticed a sun demon
  2020 | D        | Killed an eidolon
  2028 | D        | Received a gift from Okawaru
  2036 | D        | Noticed an orange demon
  2037 | D        | Demolished by an iron troll

Vault maps used:
D:        pitsprint

Skill      XL: |  1  2  3  4  5  6  7  8  9 10 |
---------------+-------------------------------+-----
Fighting       | 4 5 6 7 10 11 12 13 | 13.5
Long Blades    | 3 4 5 6 7 9 11 12 13 | 13.3
Throwing       | 1 2 3 5 6 7 8 |  8.0
Armour         | 4 5 6 7 10 11 12 13 | 13.5
Dodging        | 1 2 3 4 5 6 8 |  8.7
Shields        | 4 5 6 7 10 11 12 13 | 13.5
Invocations    | 2 |  2.8

Action                   |  1- 3 |  4- 6 |  7- 9 | 10-12 || total
-------------------------+-------+-------+-------+-------++-------
Melee: Long sword        |     3 |    47 |   105 |    48 ||   203
       Falchion          |    14 |     3 |       |       ||    17
       Headbutt          |     4 |     4 |    36 |    16 ||    60
Invok: Heroism           |       |     5 |    10 |     2 ||    17
       Finesse           |       |       |       |     1 ||     1
  Use: Potion            |       |     1 |     6 |     3 ||    10
  Eat: Fruit             |       |       |    11 |       ||    11
Armor: Scale mail        |     6 |       |       |       ||     6
       Plate armour      |       |    19 |    41 |    23 ||    83
Dodge: Dodged            |     8 |    15 |    45 |    43 ||   111
Block: Shield            |     5 |    22 |    64 |    48 ||   139
       Rpst.: Falchion   |     4 |     1 |       |       ||     5
       Long sword        |       |     4 |     9 |     9 ||    22

Table legend:
 A = Spawn XP
 B = Non-spawn XP
 C = Spawn XP percentage of total XP
 D = Spawn monster count
 E = Non-spawn monster count
 F = Spawn count percentage of total count
 G = Total turns spent on level
                    A         B        C        D         E        F      G
               +---------+---------+-------+---------+---------+-------+---------
         Total |       0 |    8183 |   0.0 |       0 |      54 |   0.0 |  2037
               +---------+---------+-------+---------+---------+-------+---------
             D |       0 |    8183 |   0.0 |       0 |      54 |   0.0 |  2037
               +---------+---------+-------+---------+---------+-------+---------
